 Dungeon Crawl Stone Soup version 0.16.1-28-gcc2312f (webtiles) character file.

303130 hannobal the Severer (level 19, -11/139 (145) HPs)
             Began as a Demigod Fire Elementalist on May 20, 2015.
             Mangled by a deep troll (32 damage)
             ... led by an ironheart preserver
             ... on level 2 of the Vaults on May 27, 2015.
             The game lasted 10:52:33 (95659 turns).

hannobal the Severer (Demigod Fire Elementalist)   Turns: 95659, Time: 10:52:34

HP:   -11/139 (145) AC: 29    Str: 15    XL:     19   Next: 45%
MP:   41/48         EV: 14    Int: 31    God:
Gold: 1236          SH:  6    Dex: 18    Spells: 8 memorised, 1 level left

rFire  + + .     SeeInvis .     a - +4 broad axe (flame)
rCold  . . .     Clarity  .     p - +10 ring mail of the Solstice {+Blink +Fly rF++ Str+4 Dex-3}
rNeg   + . .     SustAb   +     s - +0 buckler
rPois  .         Gourm    .     w - +2 hat {MR+}
rElec  .         Spirit   .     G - +0 cloak {MR+}
rCorr  .         Warding  +     c - +1 pair of gloves {Dex+3}
rMut   .         Stasis   .     F - +1 pair of boots
MR     +++..                    Z - amulet of warding
Stlth  ++........               m - +4 ring of protection
                                C - ring of magical power

@: deflect missiles, extremely resistant to hostile enchantments, unstealthy
A: thin metallic scales 1, thin skeletal structure 1, sustain abilities
a: Evoke Blink, Evoke Flight
}: 2/15 runes: decaying, gossamer


You were on level 2 of the Vaults.
You were not hungry.

You visited 7 branches of the dungeon, and saw 40 of its levels.
You also visited: Bailey, Ice Cave and Volcano.

You collected 5251 gold pieces.
You spent 4015 gold pieces at shops.

Inventory:

Hand weapons
 a - a +4 broad axe of flaming (weapon)
 b - the +7 hand crossbow of Purpose {venom, rElec rN+ MR+}
   (You found it on level 8 of the Lair of Beasts)

   It poisons the ammo it fires.
   It insulates you from electricity.
   It protects you from negative energy.
   It affects your resistance to hostile enchantments.
 e - a +5 demon trident of piercing
 g - a +0 blowgun
Missiles
 j - 11 javelins (quivered)
 o - 4 silver bolts
 E - 390 bolts
 S - 13 curare-tipped needles
Armour
 c - a +1 pair of gloves of dexterity (worn)
 p - the +10 ring mail of the Solstice (worn) {+Blink +Fly rF++ Str+4 Dex-3}
   (You bought it in a shop on level 2 of the Orcish Mines)

   It affects your strength (+4).
   It affects your dexterity (-3).
   It greatly protects you from fire.
   It lets you fly.
   It lets you blink.
 s - a +0 buckler (worn)
 w - a +2 hat of magic resistance (worn)
 F - a +1 pair of boots (worn)
 G - a +0 cloak of magic resistance (worn)
 I - the +2 cloak of Joy {rPois}
   (You bought it in a shop on level 2 of the Orcish Mines)

   It protects you from poison.
 T - a +2 leather armour of cold resistance
Rods
 O - a -2 rod of shadows (13/13)
   (You found it on level 3 of the Dungeon)
Jewellery
 k - an uncursed amulet of resist corrosion
 m - a +4 ring of protection (right hand)
 n - an uncursed ring of see invisible
 C - a ring of magical power (left hand)
 U - an uncursed ring of protection from magic
 Z - an amulet of warding (around neck)
Magical devices
 d - a wand of teleportation (4)
 q - a wand of draining (4)
 x - a wand of digging (8)
 Q - a wand of disintegration (7)
 R - a wand of invisibility (5)
Scrolls
 h - 5 scrolls of teleportation
 y - 3 scrolls of remove curse
 A - a scroll of fear
 B - 10 scrolls of recharging
 D - 6 scrolls of fog
 K - a scroll of blinking
 L - 4 scrolls of magic mapping
Potions
 r - a potion of resistance
 t - 6 potions of might
 u - 9 potions of curing
 z - 3 potions of haste
 J - 7 potions of heal wounds
 W - 4 potions of cancellation
 X - 3 potions of agility
 Y - 2 potions of magic
Miscellaneous
 f - a box of beasts
 i - a lamp of fire
Comestibles
 l - 19 meat rations
 P - 14 bread rations


   Skills:
 - Level 7.0 Fighting
 - Level 18.0 Axes
 - Level 1.0(12.2) Maces & Flails
 - Level 2.2(12.3) Polearms
 - Level 1.6 Crossbows
 - Level 1.3 Throwing
 - Level 5.0 Armour
 - Level 5.3 Dodging
 - Level 1.7 Stealth
 - Level 5.3 Shields
 - Level 12.0 Spellcasting
 - Level 10.1 Conjurations
 - Level 7.0 Hexes
 - Level 13.0 Charms
 - Level 10.0 Fire Magic
 + Level 4.4 Ice Magic
 - Level 10.0 Air Magic
 - Level 5.0 Earth Magic
 - Level 5.0 Evocations


You had one spell level left.
You knew the following spells:

 Your Spells              Type           Power        Failure   Level  Hunger
c - Conjure Flame         Conj/Fire      ######..     1%          3    None
d - Sticky Flame          Conj/Fire      ######..     1%          4    None
f - Fireball              Conj/Fire      ######....   1%          5    ##.....
g - Freezing Cloud        Conj/Ice/Air   ######....   28%         6    ####...
h - Haste                 Chrm           #######.     3%          6    ####...
i - Iron Shot             Conj/Erth      ######....   34%         6    ####...
m - Deflect Missiles      Chrm/Air       ######....   8%          6    ####...
s - Silence               Hex/Air        ######....   4%          5    ##.....


Dungeon Overview and Level Annotations

Branches:
Dungeon (15/15)            Temple (1/1) D:7            Lair (8/8) D:9
  Swamp (5/5) Lair:3       Spider (5/5) Lair:3        Slime (0/6) Lair:7
    Orc (4/4) D:12            Elf (0/3) Orc:4        Vaults (2/5) D:13
 Depths (0/5) D:15
  Crypt: Vaults:2-3

Shops:
D:10 ?   Orc:2 [   Orc:4 *((*!   Vaults:1 (   Vaults:2 (

Annotations:
D:9 exclusion: upstairs
Spider:3 exclusion: Roxanne, Roxanne
Orc:2 exclusion: 2 upstairs
Orc:3 !, exclusion: upstairs, Saint Roka
Vaults:2 emiel's ghost, mighty HEEE


Innate Abilities, Weirdness & Mutations

Your attributes are resistant to harm.
You are partially covered in thin metallic scales (AC +2).
You have a somewhat thin skeletal structure (Dex +2, Stealth).


Message History

The deep troll claws you!
The centaur warrior shoots an arrow.
You deflect the arrow! The deep troll bites you! The deep troll claws you!
You block the deep troll's attack.
The centaur warrior no longer looks unusually strong.
The deep troll barely misses you. The deep troll claws you.
The deep troll claws you but does no damage.
The deep troll bites you! You block the deep troll's attack.
The deep troll claws you!!
* * * LOW HITPOINT WARNING * * *
You open the door. The two-headed ogre barely misses you.
The two-headed ogre hits you with a giant club.
* * * LOW HITPOINT WARNING * * *
The deep troll misses you. The deep troll claws you!
* * * LOW HITPOINT WARNING * * *
The deep troll completely misses you.
The centaur warrior shoots an arrow.
The arrow hits you.
* * * LOW HITPOINT WARNING * * *
The deep troll bites you!!
You die...

#...##...#...........#####
#........#...........#....
#.########....)......#....
########........#...........#....
#...............+...........#....
#.....#.........#......(....'....
#..#..#.....#...#c....O..T..#....
#.#.#.#.....#..[#Oc..T.p....#....
#.#.#.#...##.##.@Tc.........#####
#..#..#.....#...#...........#
#.....#.....#...†...........#
#.....#.........#(..........#
#########'###################
#.......# #.......# #.......#
#.>.....#


You could see a centaur warrior, an ogre mage, a deep troll, an ironbrand
convoker, a deep troll shaman, a two-headed ogre and 2 centaurs.

Vanquished Creatures
  Arachne (Spider:4)
  Rupert (Lair:4)
  2 death oozes (Swamp:5)
  4 ghost moths
  7 vault wardens (Vaults:1)
  Maud (Lair:5)
  3 frost giants
  A deep elf sorcerer (Vaults:1)
  Aizul (Swamp:1)
  5 emperor scorpions
  Gastronok (Lair:2)
  2 ghouls (Vaults:1)
  Jorgrun (Spider:5)
  3 very ugly things
  4 ironheart preservers
  4 stone giants
  A dire elephant (D:15)
  The ghost of emiel the Fighter, a powerful NaWz of Vehumet (IceCv)
  Snorg (Vaults:1)
  A vault guard (D:13)
  2 green deaths (Swamp:5)
  A fire dragon (Lair:8)
  Josephine (D:14)
  Fannar (D:12)
  3 yaktaur captains (Vaults:2)
  Harold (Lair:1)
  A catoblepas (Lair:5)
  12 hydras
  A ghost crab (Swamp:5)
  Nessos (D:13)
  9 centaur warriors
  5 alligators
  11 death yaks
  3 tengu warriors
  2 ogre magi
  Urug (D:14)
  A thrashing horror (Swamp:5)
  6 orc high priests
  A fire crab (Vaults:1)
  A fire crab (shapeshifter) (Vaults:1)
  A hell beast (Swamp:5)
  3 deep elf knights (Vaults:1)
  7 unseen horrors
  4 hell knights (Vaults:1)
  4 skeletal warriors
  7 swamp dragons
  2 deep trolls
  3 spriggan druids
  6 wizards
  5 ironbrand convokers
  An ice statue (IceCv)
  A giant orange brain (Vaults:1)
  4 harpies (D:15)
  A deep elf summoner (D:13)
  2 flayed ghosts (Vaults:1)
  A lindwurm (Lair:6)
  32 orb spiders
  An ugly thing zombie (Vaults:1)
  14 hill giants
  7 necromancers
  3 orc sorcerers
  6 griffons
  15 orc knights
  8 hornets
  16 ugly things
  2 elephants (Lair:6)
  38 wolf spiders
  A manticore (D:15)
  9 cyclopes
  A guardian serpent (shapeshifter) (D:15)
  A guardian serpent (Lair:8)
  A salamander (D:15)
  12 black mambas
  Maurice (D:9)
  3 gargoyles
  11 vault sentinels
  A molten gargoyle (Volcano)
  A queen ant (Spider:3)
  2 torpor snails
  5 kobold demonologists
  20 spiny frogs
  Psyche (Vaults:1)
  15 demonic crawlers
  2 orange demons (Swamp:5)
  7 trolls
  7 komodo dragons
  A freezing wraith (Vaults:2)
  10 giant leeches
  3 baby alligators
  9 yaktaurs
  20 polar bears
  A queen bee (Lair:5)
  56 jumping spiders
  A merfolk (D:15)
  A ghoul skeleton (Vaults:1)
  A hornet zombie (D:14)
  Grinder (D:6)
  62 slime creatures
  A troll (shapeshifter) (D:13)
  A trapdoor spider zombie (D:14)
  5 fire drakes
  4 two-headed ogres
  3 boulder beetles (Spider:3)
  8 ravens
  12 bog bodies
  23 trapdoor spiders
  10 wraiths
  38 tarantellas
  8 spriggans
  2 flying skulls (D:9)
  A large abomination (Swamp:5)
  84 yaks
  6 basilisks
  30 blink frogs
  5 vampires
  3 wyverns
  55 redbacks
  13 deep elf fighters
  9 deep elf magi
  A fire elemental (Volcano)
  6 hungry ghosts
  A yak (shapeshifter) (D:15)
  15 humans
  12 hippogriffs
  2 steam dragons
  60 vampire mosquitoes
  9 shadows
  26 wolves
  4 insubstantial wisps (Swamp:5)
  5 mottled dragons
  14 porcupines
  22 soldier ants
  13 wargs
  31 swamp worms
  58 orc warriors
  7 ice beasts
  A small abomination (Swamp:5)
  68 spiders
  8 swamp drakes
  8 sky beasts
  7 necrophages
  33 water moccasins
  3 eyes of draining
  8 wasps
  A black bear (D:13)
  7 boggarts
  2 phantoms (D:12)
  20 ogres
  23 centaurs
  Sigmund (D:3)
  3 boring beetles
  A brain worm (D:11)
  14 giant frogs
  8 big kobolds
  A giant frog (shapeshifter) (D:12)
  19 crocodiles
  A wyvern zombie (D:9)
  A water moccasin zombie (D:9)
  A deep troll simulacrum (Vaults:1)
  A cyclops skeleton (Vaults:1)
  A warg zombie (Orc:2)
  19 killer bees
  3 troll zombies (D:12)
  10 scorpions
  8 electric eels
  29 wights
  3 quasits
  15 hounds
  12 crimson imps
  5 human zombies
  7 centaur skeletons
  3 centaur zombies
  A kobold zombie (Vaults:1)
  A goliath beetle (D:7)
  8 jellies
  51 orc priests
  5 iguanas
  7 giant frog skeletons
  A giant frog zombie (D:9)
  An elf skeleton (Vaults:1)
  39 orc wizards
  3 iron imps
  A wasp zombie (D:6)
  31 worker ants
  6 hell rats (Lair:8)
  4 ogre zombies
  4 sheep (D:15)
  A hound zombie (D:7)
  5 hound skeletons
  6 mummies
  4 worker ant zombies
  44 adders
  5 shadow imps
  37 river rats
  A white imp (Vaults:1)
  A giant mite (D:4)
  A worm (D:3)
  An ufetubus (Vaults:2)
  2 adder zombies (D:9)
  5 adder skeletons
  An ooze (D:2)
  256 orcs
  A bat skeleton (D:5)
  2 bat zombies
  5 giant cockroaches
  39 goblins
  29 hobgoblins
  5 jackals
  46 kobolds
  12 quokkas
  22 bats
  10 giant geckos
  4 giant newts
  3 giant spores (D:9)
  A goblin skeleton (D:12)
  3 goblin zombies (D:12)
  3 hobgoblin skeletons (D:12)
  2 hobgoblin zombies (D:12)
  An orc skeleton (D:12)
  14 orc zombies
  2 quokka skeletons (D:9)
  24 rats
  30 ballistomycetes
  A bush (Lair:8)
  A butterfly (Lair:3)
  3 fungi
  5 plants (Lair:8)
2333 creatures vanquished.

Vanquished Creatures (others)
  An orc warrior (D:9)
  A chimera (Volcano)
  2 spiders
  A crocodile (Swamp:5)
  A giant frog zombie (D:9)
  A worker ant (D:9)
  A worm (D:3)
  An orc (D:9)
  A goblin (D:3)
  A hobgoblin (D:3)
  A bat (D:3)
  8 giant spores
  11 ballistomycetes (D:9)
  9 fungi
  19 plants
59 creatures vanquished.

Grand Total: 2392 creatures vanquished

Notes
Turn   | Place    | Note
--------------------------------------------------------------
     0 | D:1      | hannobal, the Demigod Fire Elementalist, began the quest for the Orb.
     0 | D:1      | Reached XP level 1. HP: 14/14 MP: 3/3
    14 | D:1      | Reached skill level 1 in Conjurations
   723 | D:1      | Reached XP level 2. HP: 18/20 MP: 0/4
   962 | D:2      | Reached skill level 1 in Fighting
  1083 | D:2      | Learned a level 2 spell: Throw Flame
  1343 | D:2      | Reached XP level 3. HP: 28/28 MP: 4/8
  1351 | D:2      | Learned a level 3 spell: Conjure Flame
  1455 | D:2      | Found a white marble altar of Elyvilon.
  2026 | D:3      | Found a sacrificial altar of Ru.
  2083 | D:3      | Reached skill level 3 in Conjurations
  2201 | D:3      | Reached XP level 4. HP: 35/35 MP: 5/10
  2249 | D:3      | Noticed Sigmund
  3257 | D:3      | Reached XP level 5. HP: 27/40 MP: 3/12
  3848 | D:4      | Reached skill level 4 in Conjurations
  4245 | D:4      | Found a sparkling altar of Nemelex Xobeh.
  4374 | D:4      | Reached XP level 6. HP: 47/47 MP: 13/15
  4380 | D:4      | Learned a level 4 spell: Sticky Flame
  4584 | D:5      | Entered Level 5 of the Dungeon
  5067 | D:5      | Reached skill level 1 in Armour
  5461 | D:5      | Reached skill level 5 in Conjurations
  5461 | D:5      | Reached XP level 7. HP: 36/52 MP: 18/18
  5562 | D:5      | Found a shimmering altar of Xom.
  5948 | D:5      | Reached skill level 5 in Fire Magic
  6037 | D:5      | Found an opulent altar of Gozag.
  6229 | D:5      | Got a jewelled short sword
  6231 | D:5      | Identified the cursed +0 short sword of Symmetry {antimagic, Dex+3} (You found it on level 5 of the Dungeon)
  7366 | D:6      | Found a stormy altar of Qazlal.
  7612 | D:6      | Noticed Grinder
  7629 | D:6      | Paralysed by Grinder for 6 turns
  7637 | D:6      | Killed Grinder
  7637 | D:6      | Reached XP level 8. HP: 47/59 MP: 9/21
  8072 | D:7      | Found an iron altar of Okawaru.
  8158 | D:7      | Reached skill level 6 in Fire Magic
  8616 | D:7      | Found a deep blue altar of Sif Muna.
  8904 | D:7      | Reached skill level 7 in Fire Magic
  8960 | D:7      | Learned a level 5 spell: Fireball
  9277 | D:7      | Found a staircase to the Ecumenical Temple.
  9283 | Temple   | Entered the Ecumenical Temple
  9683 | D:8      | Reached skill level 5 in Spellcasting
  9867 | D:8      | Reached XP level 9. HP: 64/64 MP: 20/24
 10135 | D:8      | Found a bloodstained altar of Trog.
 10903 | D:8      | Found an ancient bone altar of Kikubaaqudgha.
 11470 | D:9      | Reached skill level 8 in Conjurations
 11835 | D:9      | Found a basalt altar of Yredelemnul.
 12258 | D:9      | Gained mutation: You are partially covered in thin metallic scales (AC +2). [potion of beneficial mutation]
 12359 | D:9      | Found a staircase to the Lair.
 12360 | D:9      | Noticed Maurice
 12604 | D:8      | Reached XP level 10. HP: 71/71 MP: 22/27
 12635 | D:9      | Killed Maurice
 12926 | D:9      | Noticed a necromancer
 12927 | D:9      | Noticed a skeletal warrior
 13159 | D:9      | Upgraded the game from 0.16.1-25-gbcee3f8 to 0.16.1-28-gcc2312f
 13274 | D:9      | Killed a necromancer
 13274 | D:9      | Reached skill level 9 in Conjurations
 13638 | D:9      | Killed a skeletal warrior
 14816 | D:8      | Found a snail-covered altar of Cheibriados.
 15071 | Lair:1   | Entered Level 1 of the Lair of Beasts
 15089 | Lair:1   | Reached XP level 11. HP: 77/77 MP: 21/29
 15479 | Lair:1   | Learned a level 6 spell: Haste
 15815 | Lair:1   | Noticed Harold
 16136 | Lair:2   | Noticed Gastronok
 16521 | D:3      | Killed Sigmund
 16521 | D:3      | Reached skill level 10 in Fire Magic
 16772 | Temple   | Identified a -2 rod of shadows (13/13) (You found it on level 3 of the Dungeon)
 16847 | D:10     | Entered Level 10 of the Dungeon
 16907 | D:10     | Found a flagged portal.
 16936 | Bailey   | Entered a bailey
 17091 | Bailey   | Reached skill level 10 in Conjurations
 17673 | Bailey   | Found a bloodstained altar of Trog.
 18074 | D:10     | Found Brewoyn's Magic Scroll Emporium.
 18089 | D:10     | Bought a scroll of brand weapon for 320 gold pieces
 18089 | D:10     | Bought a scroll of teleportation for 48 gold pieces
 18089 | D:10     | Bought a scroll of teleportation for 48 gold pieces
 18089 | D:10     | Bought a scroll of remove curse for 48 gold pieces
 18089 | D:10     | Bought a scroll of identify for 32 gold pieces
 18089 | D:10     | Bought a scroll of identify for 32 gold pieces
 18089 | D:10     | Bought a scroll of fear for 56 gold pieces
 18089 | D:10     | Bought a scroll of identify for 32 gold pieces
 18106 | D:10     | Noticed an unseen horror
 18110 | D:10     | Killed an unseen horror
 18263 | D:10     | Found a roughly hewn altar of Beogh.
 18471 | Temple   | Learned a level 3 spell: Inner Flame
 18618 | D:10     | Reached skill level 1 in Hexes
 18912 | D:10     | Noticed an unseen horror
 18914 | D:10     | Killed an unseen horror
 18914 | D:10     | Reached skill level 5 in Fighting
 19257 | D:10     | Reached skill level 1 in Shields
 20068 | D:11     | Noticed a centaur warrior
 20076 | D:11     | Killed a centaur warrior
 20432 | D:11     | Reached skill level 5 in Shields
 21315 | D:12     | Reached XP level 12. HP: 82/94 MP: 1/30
 21930 | D:12     | Noticed Fannar
 22714 | D:12     | Found a staircase to the Orcish Mines.
 23085 | D:12     | Killed Fannar
 23472 | D:12     | Reached skill level 1 in Axes
 23767 | D:12     | Reached skill level 1 in Throwing
 24256 | D:12     | Reached skill level 1 in Maces & Flails
 24292 | Orc:1    | Entered Level 1 of the Orcish Mines
 24757 | Orc:2    | Found Siah's Armour Boutique.
 25260 | Orc:2    | Bought the +10 ring mail of the Solstice {+Blink +Fly rF++ Str+4 Dex-3} for 1166 gold pieces
 26558 | Orc:2    | Reached skill level 5 in Axes
 26915 | Orc:2    | Bought the +2 cloak of Joy {rPois} for 334 gold pieces
 27033 | Orc:3    | Found a roughly hewn altar of Beogh.
 27253 | Orc:3    | Found a roughly hewn altar of Beogh.
 28094 | Orc:4    | Entered Level 4 of the Orcish Mines
 28457 | Orc:3    | Reached skill level 5 in Armour
 28874 | Orc:4    | Noticed Saint Roka
 28988 | Orc:3    | Reached skill level 1 in Polearms
 29748 | Orc:4    | Found Ririfial's Weapon Shoppe.
 29996 | Orc:3    | Reached XP level 13. HP: 80/101 MP: 24/32
 30514 | Lair:1   | Killed Harold
 30645 | Lair:2   | Killed Gastronok
 31821 | Lair:3   | Found a hole to the Spider Nest.
 32365 | Lair:3   | Found a staircase to the Swamp.
 33618 | Lair:4   | Reached skill level 10 in Axes
 34435 | Lair:4   | Noticed Rupert
 34454 | Lair:4   | Paralysed by Rupert for 6 turns
 34475 | Lair:4   | Killed Rupert
 35033 | Lair:5   | Found a dark tunnel.
 35049 | Volcano  | Entered a volcano
 35869 | Lair:5   | Noticed Maud
 36007 | Lair:5   | Reached skill level 5 in Evocations
 36532 | Lair:5   | Reached skill level 5 in Dodging
 36978 | Lair:5   | Killed Maud
 36978 | Lair:5   | Reached XP level 14. HP: 41/107 MP: 32/33
 38555 | Lair:5   | Reached skill level 11 in Axes
 39516 | Lair:6   | Reached skill level 12 in Axes
 39809 | Lair:6   | Reached skill level 1 in Charms
 40239 | Lair:7   | Found a staircase to the Slime Pits.
 40440 | Lair:7   | Identified Sif Muna's Reference Book on Augmentations
 40444 | Lair:7   | Learned a level 2 spell: Swiftness
 40831 | Lair:7   | Got a jewelled ring mail
 40842 | Lair:7   | Identified the +10 ring mail of Space {Str+5} (You found it on level 7 of the Lair of Beasts)
 40864 | Lair:7   | Reached skill level 10 in Spellcasting
 40961 | Lair:7   | Reached skill level 1 in Air Magic
 42122 | Lair:8   | Entered Level 8 of the Lair of Beasts
 42781 | Lair:8   | Reached skill level 5 in Charms
 45010 | Lair:8   | Got a dazzling arbalest
 45012 | Lair:8   | Identified the +2 arbalest "Newtslayer" {flame, +Blink Str-2 Dex+3} (You found it on level 8 of the Lair of Beasts)
 45186 | Lair:8   | Reached XP level 15. HP: 88/114 MP: 35/35
 45190 | Lair:8   | Got a dazzling hand crossbow
 45191 | Lair:8   | Identified the +7 hand crossbow of Purpose {venom, rElec rN+ MR+} (You found it on level 8 of the Lair of Beasts)
 46171 | D:13     | Found a frozen archway.
 46194 | IceCv    | Entered an ice cave
 46637 | IceCv    | Noticed emiel's ghost (powerful NaWz)
 46652 | IceCv    | Killed emiel's ghost
 47110 | IceCv    | Learned a level 5 spell: Bolt of Magma
 47140 | IceCv    | Reached skill level 10 in Charms
 47273 | IceCv    | Reached skill level 1 in Earth Magic
 47365 | IceCv    | Identified a scroll of acquirement
 48745 | D:13     | Found a gate to the Vaults.
 49192 | D:13     | Noticed Nessos
 49213 | D:13     | Killed Nessos
 49837 | Lair:2   | Learned a level 6 spell: Deflect Missiles
 50276 | D:14     | Noticed Josephine
 50281 | D:14     | Killed Josephine
 50351 | D:14     | Gained mutation: You have a somewhat thin skeletal structure (Dex +2, Stealth). [potion of beneficial mutation]
 50957 | D:14     | Noticed Urug
 50976 | D:14     | Killed Urug
 51490 | D:15     | Entered Level 15 of the Dungeon
 51697 | D:15     | Reached skill level 5 in Air Magic
 52680 | D:15     | Found a staircase to the Depths.
 53930 | Swamp:1  | Entered Level 1 of the Swamp
 54370 | Swamp:1  | Noticed Aizul
 54391 | Swamp:1  | Killed Aizul
 54669 | Lair:2   | Learned a level 5 spell: Silence
 54937 | Swamp:1  | Reached XP level 16. HP: 91/121 MP: 18/35
 56342 | Swamp:2  | Identified Sophisticated Hermeneutics
 56348 | Swamp:2  | Reached skill level 5 in Hexes
 58279 | Swamp:3  | Got a warped chain mail
 58397 | Swamp:2  | Identified the +3 chain mail "Smouw" {rCorr Int+7 Slay+3} (You found it on level 3 of the Swamp)
 60828 | Swamp:5  | Entered Level 5 of the Swamp
 62527 | Swamp:5  | Reached skill level 1 in Crossbows
 63796 | Swamp:5  | Reached skill level 5 in Earth Magic
 65165 | Swamp:5  | Got a decaying rune of Zot
 65734 | Orc:4    | Found a staircase to the Elven Halls.
 66294 | Orc:3    | Reached XP level 17. HP: 15/126 MP: 37/37
 67446 | Orc:4    | Reached skill level 10 in Air Magic
 68282 | Orc:4    | Found Feneogat's General Store.
 68282 | Orc:4    | Found Yngisof's Distillery.
 68282 | Orc:4    | Found Chubbat's Antique Weapon Boutique.
 68283 | Orc:4    | Found Ciaquvaa's Assorted Antiques.
 68297 | Orc:4    | Bought a slimy battleaxe for 276 gold pieces
 68306 | Orc:4    | Identified the cursed -1 battleaxe "Worm" {vamp, rPois rF++ rN+ MR- Int+5} (You bought it in a shop on level 4 of the Orcish Mines)
 68308 | Orc:4    | Bought a scroll of teleportation for 45 gold pieces
 68308 | Orc:4    | Bought a scroll of identify for 30 gold pieces
 68326 | Orc:4    | Bought a dented jade amulet for 180 gold pieces
 68326 | Orc:4    | Bought a short silver wand for 144 gold pieces
 68326 | Orc:4    | Bought a scroll of teleportation for 108 gold pieces
 68347 | Orc:4    | Bought a potion of heal wounds for 90 gold pieces
 68347 | Orc:4    | Bought a potion of curing for 54 gold pieces
 68347 | Orc:4    | Bought a potion of curing for 54 gold pieces
 68347 | Orc:4    | Bought a potion of heal wounds for 90 gold pieces
 68347 | Orc:4    | Bought a potion of curing for 54 gold pieces
 68347 | Orc:4    | Bought a potion of magic for 144 gold pieces
 68354 | Orc:4    | Bought a crystal mace for 288 gold pieces
 68359 | Orc:4    | Identified the cursed +3 mace of Eddoxzum {venom, +Inv rElec MR+ Int-3 Stlth-} (You bought it in a shop on level 4 of the Orcish Mines)
 68368 | Orc:4    | Bought a scroll of recharging for 342 gold pieces
 68628 | Spider:1 | Entered Level 1 of the Spider Nest
 71447 | Spider:2 | Reached skill level 13 in Axes
 73743 | Spider:3 | Noticed Roxanne
 76444 | Spider:4 | Reached skill level 14 in Axes
 77191 | Spider:5 | Entered Level 5 of the Spider Nest
 77221 | Spider:5 | Noticed Arachne
 77239 | Spider:4 | Killed Arachne
 79768 | Spider:5 | Reached XP level 18. HP: 129/139 MP: 37/37
 81563 | Spider:5 | Reached skill level 15 in Axes
 83609 | Spider:5 | Noticed Jorgrun
 83763 | Spider:5 | Killed Jorgrun
 84026 | Spider:5 | Got a gossamer rune of Zot
 84696 | Vaults:1 | Entered Level 1 of the Vaults
 86045 | D:13     | Learned a level 6 spell: Iron Shot
 87317 | Vaults:1 | Reached skill level 16 in Axes
 87665 | D:13     | Learned a level 6 spell: Freezing Cloud
 88612 | Vaults:1 | Reached skill level 1 in Ice Magic
 89444 | Vaults:1 | Found Jaynaf's Antique Weapon Emporium.
 89915 | Vaults:1 | Noticed Psyche
 89924 | Vaults:1 | Killed Psyche
 89929 | Vaults:1 | Noticed Snorg
 89975 | Vaults:1 | Killed Snorg
 90238 | Vaults:1 | Reached XP level 19. HP: 144/144 MP: 39/39
 90612 | Vaults:1 | Reached skill level 17 in Axes
 93518 | Vaults:2 | Found Kleipoah's Antique Weapon Shoppe.
 93594 | Vaults:2 | Reached skill level 18 in Axes
 94175 | Vaults:2 | Noticed emiel's ghost (mighty HEEE)
 95659 | Vaults:2 | Mangled by a deep troll

Action                   |  1- 3 |  4- 6 |  7- 9 | 10-12 | 13-15 | 16-18 | 19-21 || total
-------------------------+-------+-------+-------+-------+-------+-------+-------++-------
Melee: Dagger            |    20 |    26 |    23 |       |       |       |       ||    69
       Club              |     3 |       |       |       |       |       |       ||     3
       Whip              |       |       |     5 |   164 |       |       |       ||   169
       Scimitar          |       |       |       |     1 |       |       |       ||     1
       Flail             |       |       |       |   139 |    38 |       |       ||   177
       Spear             |       |       |       |    23 |       |       |       ||    23
       Broad axe         |       |       |       |   227 |  1130 |  1875 |   454 ||  3686
       Trident           |       |       |       |    17 |    18 |    46 |    32 ||   113
 Fire: Hunting sling     |       |    25 |       |       |       |       |       ||    25
       Longbow           |       |       |    11 |       |       |       |       ||    11
       Hand crossbow     |       |       |       |       |       |   374 |       ||   374
       Blowgun           |       |       |       |       |       |     6 |     5 ||    11
Throw: Stone             |       |     1 |       |       |       |       |       ||     1
       Tomahawk          |       |       |    12 |    67 |    57 |    14 |       ||   150
       Javelin           |       |       |       |       |    48 |    76 |    30 ||   154
       Throwing net      |       |       |       |       |     1 |       |       ||     1
 Cast: Flame Tongue      |    88 |   134 |   371 |   148 |       |       |       ||   741
       Throw Flame       |     1 |     9 |    17 |   308 |    48 |       |       ||   383
       Conjure Flame     |       |     1 |     9 |    50 |    70 |    72 |    11 ||   213
       Sticky Flame      |       |       |    43 |   167 |   305 |   424 |    76 ||  1015
       Fireball          |       |       |     1 |    76 |   215 |   171 |    16 ||   479
       Inner Flame       |       |       |       |     5 |    18 |       |       ||    23
       Bolt of Magma     |       |       |       |       |    11 |    14 |       ||    25
       Deflect Missiles  |       |       |       |       |     3 |     2 |     4 ||     9
       Haste             |       |       |       |       |     1 |    13 |     5 ||    19
       Silence           |       |       |       |       |       |     2 |     4 ||     6
       Freezing Cloud    |       |       |       |       |       |       |     1 ||     1
 Abil: Evoke Flight      |       |       |       |       |     7 |    32 |     1 ||    40
       Evoke Blink       |       |       |       |       |     2 |     4 |     3 ||     9
Evoke: Wand              |       |       |       |     4 |    24 |     3 |       ||    31
       Box of beasts     |       |       |       |       |     2 |     5 |       ||     7
       Deck              |       |       |       |       |     2 |       |       ||     2
       Lamp of fire      |       |       |       |       |       |     1 |       ||     1
       Phantom mirror    |       |       |       |       |       |     1 |       ||     1
  Use: Scroll            |    15 |     3 |    10 |    17 |    28 |    17 |     1 ||    91
       Potion            |     2 |       |     1 |     1 |     2 |    14 |     4 ||    24
 Stab: Distracted        |       |       |       |     1 |       |     3 |       ||     4
       Sleeping          |       |       |       |       |     3 |     2 |       ||     5
       Invisible         |       |       |       |       |       |    10 |       ||    10
  Eat: Chunk             |     5 |     7 |    18 |    56 |    93 |    95 |     6 ||   280
       Bread ration      |       |     1 |       |       |       |     5 |     3 ||     9
       Beef jerky        |       |       |     5 |     7 |     1 |       |       ||    13
       Pizza             |       |       |     1 |       |     4 |     1 |       ||     6
       Royal jelly       |       |       |       |     1 |       |    11 |       ||    12
       Fruit             |       |       |       |     3 |    15 |     8 |       ||    26
